 Dungeon Crawl Stone Soup version 0.25-a0-290-g4a1327ee3a (webtiles) character file.

Game seed: 17545311161708616765, levelgen mode: classic

5173 Borgoz the Cleaver (level 10, 0/136 HPs)
             Began as a Minotaur Gladiator on Dec 14, 2019.
             Was a Priest of Okawaru.
             Slain by a basilisk (3 damage)
             ... on level 8 of the Dungeon.
             The game lasted 00:13:53 (7375 turns).

Borgoz the Cleaver (Minotaur Gladiator)             Turns: 7375, Time: 00:13:53

Health: 0/136      AC: 27    Str: 19    XL:     10   Next: 34%
Magic:  9/9        EV:  2    Int:  5    God:    Okawaru [***...]
Gold:   349        SH:  0    Dex: 15    Spells: 9/9 levels left

rFire    . . .     SeeInvis .   j - +1 hand axe (flame)
rCold    . . .     Gourm    .   (no shield)
rNeg     + + +     Faith    .   (armour currently unavailable)
rPois    +         Spirit   .   (helmet currently unavailable)
rElec    .         Reflect  .   (cloak currently unavailable)
rCorr    .         Harm     .   (gloves currently unavailable)
MR       .....     NoTele   +   (boots currently unavailable)
Stlth    +.........             (no amulet)
HPRegen  0.32/turn              t - +2 ring of protection
MPRegen  0.11/turn              (no ring)

@: tree-form
A: (retaliatory headbutt)
a: Heroism, Renounce Religion


You were on level 8 of the Dungeon.
You worshipped Okawaru.
Okawaru was most pleased with you.
You were not hungry.
You were a tree.
You visited 2 branches of the dungeon, and saw 9 of its levels.

You collected 349 gold pieces.

Inventory:

Hand Weapons
 a - a +0 war axe
 j - a +1 hand axe of flaming (weapon)
Missiles
 d - 3 throwing nets (quivered)
Armour
 c - a +0 hat (melded)
 m - a +0 pair of boots (melded)
 r - a +1 ring mail of fire resistance (melded)
 w - a +2 pair of gloves (melded)
Jewellery
 t - a +2 ring of protection (left branch)
Wands
 x - a wand of flame (8)
Scrolls
 b - 3 scrolls of remove curse {unknown}
 e - a scroll of fear {unknown}
 h - a scroll of amnesia {unknown}
 i - a scroll of enchant weapon
 l - a scroll of magic mapping {unknown}
 o - 2 scrolls of fog {unknown}
 q - 2 scrolls of enchant armour
 u - 2 scrolls of noise {unknown}
Potions
 k - a potion of might
 n - a potion of lignification
 s - 3 potions of flight
Comestibles
 f - 15 rations
 v - 8 chunks of flesh


   Skills:
 + Level 9.5 Fighting
 + Level 9.9 Axes
 - Level 2.0 Throwing
 + Level 9.1 Armour
 + Level 9.1 Dodging


You had 9 spell levels left.
You didn't know any spells.
Your spell library contained the following spells:

 Spells                   Type           Power        Failure   Level  Hunger
 Corona                   Hex            #......      47%         1    ##.....
 Ensorcelled Hibernation  Hex/Ice        #.....       63%         2    ###....
 Confuse                  Hex            #.......     85%         3    ####...
 Dazzling Flash           Conj/Hex       #.....       85%         3    ####...
 Tukima's Dance           Hex            #.......     85%         3    ####...


Dungeon Overview and Level Annotations

Branches:
Dungeon (8/15)             Temple (1/1) D:5            Lair (0/6) D:8

Altars:
Ashenzari
Cheibriados
Dithmenos
Elyvilon
Fedhas
Gozag
Hepliaklqana
Kikubaaqudgha
Makhleb
Nemelex Xobeh
Okawaru
Qazlal
Ru
Sif Muna
Trog
Uskayaw
Vehumet
Wu Jian
Xom
Yredelemnul
Zin
The Shining One


Innate Abilities, Weirdness & Mutations

((You reflexively headbutt those who attack you in melee.))
((You have a pair of horns on your head.))


Message History

You barely miss the basilisk. The basilisk gazes at you.
You resist with some effort.
You completely miss the basilisk.
The basilisk bites you but does no damage.
You hit the basilisk but do no damage. The basilisk bites you.
* * * LOW HITPOINT WARNING * * *
You completely miss the basilisk. You slash the basilisk!
You burn the basilisk.
The basilisk is moderately wounded.
The basilisk bites you.
* * * LOW HITPOINT WARNING * * *
You barely miss the basilisk.
The basilisk is moderately wounded.
The basilisk bites you!
* * * LOW HITPOINT WARNING * * *
You miss the basilisk.
The basilisk is moderately wounded.
The basilisk bites you.
You die...

...##...###..........###.
.......## ##..##.###.....
........# #..#.##.......
..#.....####÷##..........
.........#.......♣.♣..♣..
................P..P.P.P.
...........#..........P.♣
.............P.♣.†P......
#...............♣l......P
##......#.......†........
#......###........>..♣..P
........###......♣...P...
..........#P....[P..PP...
....#.#...#>..P...P.....P
#...####....P.....♣P...P.
##......................
##.............


You could see a basilisk.

Vanquished Creatures
  A hydra (D:8)
  Prince Ribbit (D:5)
  2 dream sheep (D:8)
  5 yaks (D:8)
  A basilisk (D:8)
  4 porcupines (D:8)
  A sky beast (D:6)
  An ice beast (D:6)
  3 ogres
  3 centaurs
  2 crocodiles (D:8)
  3 big kobolds (D:8)
  3 bullfrogs
  4 scorpions
  5 howler monkeys
  3 crimson imps
  4 hounds
  A quasit (D:6)
  A bullfrog zombie (D:5)
  A centaur zombie (D:7)
  4 orc priests
  Crazy Yiuf (D:5)
  A jelly (D:7)
  A bullfrog skeleton (D:5)
  Jessica (D:3)
  An iguana (D:3)
  Terence (D:3)
  2 orc wizards
  7 worker ants
  2 hound skeletons
  Robin (D:3)
  5 gnolls
  5 adders
  An ooze (D:4)
  A worm (D:4)
  2 dart slugs (D:1)
  3 leopard geckos
  16 orcs
  5 giant cockroaches
  18 goblins
  14 hobgoblins
  8 jackals (D:3)
  7 kobolds
  6 quokkas
  4 bats
  8 frilled lizards
  5 rats
179 creatures vanquished.

Vanquished Creatures (others)
  5 fungi (D:8)
  2 plants (D:8)
7 creatures vanquished.

Grand Total: 186 creatures vanquished

Notes
Turn   | Place    | Note
-------+----------+-------------------------------------------
     0 | D:1      | Borgoz the Minotaur Gladiator began the quest for the Orb.
     0 | D:1      | Reached XP level 1. HP: 18/18 MP: 0/0
   156 | D:1      | Reached XP level 2. HP: 18/25 MP: 1/1
   414 | D:1      | Reached skill level 1 in Armour
   590 | D:1      | Reached XP level 3. HP: 31/31 MP: 2/2
  1116 | D:1      | Reached XP level 4. HP: 15/38 MP: 3/3
  1316 | D:2      | HP: 1/38 [gnoll/+0 halberd (4)]
  2307 | D:2      | Found a glowing golden altar of the Shining One.
  2670 | D:3      | Noticed Robin
  2679 | D:3      | Killed Robin
  2679 | D:3      | Reached XP level 5. HP: 13/46 MP: 4/4
  3017 | D:3      | Noticed Jessica
  3022 | D:3      | Killed Jessica
  3193 | D:3      | Found a shattered altar of Ashenzari.
  3288 | D:3      | Noticed Terence
  3302 | D:3      | Killed Terence
  3302 | D:3      | Reached skill level 5 in Axes
  3773 | D:4      | Reached XP level 6. HP: 50/53 MP: 5/5
  4025 | D:4      | Reached skill level 5 in Dodging
  4110 | D:4      | Reached skill level 5 in Fighting
  4110 | D:4      | Reached XP level 7. HP: 61/61 MP: 6/6
  4449 | D:5      | Entered Level 5 of the Dungeon
  4495 | D:5      | Noticed Prince Ribbit
  4517 | D:5      | Reached skill level 5 in Armour
  4544 | D:5      | Killed Prince Ribbit
  4544 | D:5      | Reached XP level 8. HP: 12/70 MP: 7/7
  4888 | D:5      | Found a staircase to the Ecumenical Temple.
  4899 | Temple   | Entered the Ecumenical Temple
  5047 | Temple   | Became a worshipper of Warmaster Okawaru
  5432 | D:5      | Found a runed translucent door.
  5433 | D:5      | Noticed Crazy Yiuf
  5463 | D:5      | Killed Crazy Yiuf
  5701 | D:6      | Reached * piety under Okawaru
  5882 | D:6      | You fall into a shaft and drop 2 floors!
  6073 | D:6      | Reached XP level 9. HP: 79/79 MP: 8/8
  6135 | D:6      | Found a radiant altar of Vehumet.
  6531 | D:7      | Reached ** piety under Okawaru
  7090 | D:8      | Noticed a three-headed hydra
  7095 | D:8      | Killed a one-headed hydra
  7095 | D:8      | Reached *** piety under Okawaru
  7095 | D:8      | Reached XP level 10. HP: 66/91 MP: 9/9
  7315 | D:8      | Found a staircase to the Lair.
  7374 | D:8      | HP: 2/136 [basilisk (8)]
  7375 | D:8      | Slain by a basilisk

Levels and vault maps discovered:
D:1:      dpeg_arrival_connections, layout_loops_ring
D:2:      layout_basic, tso_metal_star, first_ration
D:3:      layout_rooms, nicolae_ashenzari_panopticon, uniq_jessica,
          uniq_terence, uniq_robin
D:4:      layout_basic, amethyst_killhole
D:5:      layout_loops_cross, minmay_temple_entry_ruins, uniq_prince_ribbit1,
          uniq_crazy_yiuf_cottage
D:6:      layout_loops_ring, chequers_serial_rivers_marsh, vehumet_altar_wand_db
D:7:      layout_rooms
D:8:      layout_cave_pools, minmay_lair_entry_grove, enter_bailey_3,
          hangedman_ranch [blue_anna_fruit_fields]
Temple:   nicolae_temple_the_god_donut

Skill      XL: |  1  2  3  4  5  6  7  8  9 10 |
---------------+-------------------------------+-----
Fighting       | 3 4 5 6 7 9 |  9.5
Axes           | 4 5 6 7 9 |  9.9
Armour         | 1 2 3 4 5 6 8 9 |  9.1
Dodging        | 4 5 6 7 8 9 |  9.1
Throwing       | |  2.0

Action                   |  1- 3 |  4- 6 |  7- 9 | 10-12 || total
-------------------------+-------+-------+-------+-------++-------
Melee: War axe           |    52 |   126 |    77 |       ||   255
       Headbutt          |     5 |    24 |    42 |     5 ||    76
       Hand axe          |       |       |    90 |    53 ||   143
Invok: Heroism           |       |       |       |     1 ||     1
  Use: Potion            |       |     1 |     4 |     5 ||    10
       Scroll            |       |       |     6 |       ||     6
 Stab: Sleeping          |     1 |       |       |       ||     1
  Eat: Chunk             |     1 |     9 |     6 |     1 ||    17
       Ration            |       |       |     1 |       ||     1
Armor: Leather armour    |    11 |    13 |       |       ||    24
       Ring mail         |       |    14 |    66 |    27 ||   107
       Skin              |       |       |       |     5 ||     5
Dodge: Dodged            |    42 |    99 |   160 |    65 ||   366

Table legend:
 A = Non-vault XP
 B = Vault XP
 C = Vault XP percentage of total XP
 D = Non-vault monster count
 E = Vault monster count
 F = Vault count percentage of total count
                 A         B        C        D         E       F
            +---------+---------+-------+---------+---------+-------
      Total |    3163 |    4228 |  57.2 |     140 |      39 |  21.8
            +---------+---------+-------+---------+---------+-------
        D:1 |      86 |       0 |   0.0 |      25 |       0 |   0.0
        D:2 |      79 |       0 |   0.0 |      19 |       0 |   0.0
        D:3 |      94 |     110 |  53.9 |      25 |      14 |  35.9
        D:4 |     499 |       0 |   0.0 |      16 |       0 |   0.0
        D:5 |     399 |     338 |  45.9 |      11 |       2 |  15.4
        D:6 |    1239 |       2 |   0.2 |      20 |       1 |   4.8
        D:7 |     489 |       0 |   0.0 |      17 |       0 |   0.0
        D:8 |     278 |    3778 |  93.1 |       7 |      22 |  75.9
            +---------+---------+-------+---------+---------+-------
